Map: Blueshift LE

Players

Piroxiljin - Winner!

  • Race: Terran Terran
  • Spawn Location: 7:00

VOD

Have the link to the VOD?

Description

Time

  • Played on: Jan. 20, 2019, 11:27 a.m.
  • Length: 44:39
Show
View Real Time Build Order
Export as new Build Order

Piroxiljin Terran - Winner!

Build Orders:  

Get SALT Encoding   

  12  0:02  SCV  
  13  0:20  SCV  
  13  0:26  Supply Depot  
  14  0:37  SCV  
  15  0:56  SCV  
  16  1:05  Barracks  
  16  1:13  Refinery  
  16  1:17  SCV  
  17  1:35  SCV  
  18  2:01  SCV  
  18  2:04  Supply Depot  
  19  2:14  Barracks Reactor  
  19  2:44  Engineering Bay  
  19  2:48  SCV  
  20  2:54  Refinery  
  20  3:05  SCV  
  21  3:11  Supply Depot  
  21  3:22  Factory, SCV  
  21  3:23  Marine  
  21  3:24  Marine  
  24  3:48  Orbital Command  
  24  3:53  Terran Infantry Weapons Level 1  
  24  4:41  Factory Tech Lab  
  24  4:43  Factory  
  24  4:56  Factory  
  24  5:07  SCV  
  25  5:12  Barracks Tech Lab  
  25  5:24  SCV  
  26  5:37  Siege Tank  
  29  5:57  Hellion  
  29  5:58  Hellion  
  33  6:10  Marauder  
  33  6:17  Widow Mine  
  33  6:18  Widow Mine  
  35  6:24  Barracks  
  39  6:54  SCV, Marauder  
  39  6:57  Hellion  
  39  6:58  Hellion  
  46  7:04  Supply Depot  
  46  7:07  Supply Depot  
  46  7:08  Supply Depot  
  46  7:11  SCV, Supply Depot  
  46  7:16  Command Center  
  47  7:34  Marauder  
  49  8:04  Marauder  
  41  8:28  Barracks Tech Lab  
  41  8:34  Factory  
  41  8:43  Siege Tank  
  44  8:52  Hellion x2  
  48  9:28  Siege Tank  
  51  9:30  Concussive Shells  
  51  10:04  Hellion x2  
  55  10:13  Cyclone  
  58  10:24  Widow Mine x2  
  58  10:30  Terran Infantry Armor Level 1  
  58  10:33  Barracks Tech Lab  
  58  10:35  SCV  
  58  10:36  Armory  
  63  10:42  SCV  
  64  10:59  SCV  
  63  11:51  Cyclone x2  
  63  11:54  Hellion x2  
  73  12:05  Factory  
  73  12:10  Marauder  
  73  12:13  SCV  
  73  12:19  Refinery  
  76  12:20  Refinery  
  76  12:29  Terran Vehicle Weapons Level 1  
  76  12:30  SCV  
  76  12:35  SCV  
  78  12:47  SCV  
  79  12:52  SCV  
  76  13:04  SCV  
  77  13:16  Thor  
  83  13:21  SCV  
  84  13:34  Terran Infantry Weapons Level 2  
  84  14:00  Barracks Tech Lab, Starport  
  84  14:04  Marauder  
  86  14:12  Supply Depot  
  86  14:16  Siege Tank x3  
  86  14:20  Widow Mine x2  
  86  14:33  Cyclone  
  93  14:42  Marauder  
  93  14:43  Supply Depot  
  93  14:44  Orbital Command  
  95  14:56  Siege Tank  
  98  15:15  Supply Depot  
  98  15:28  Widow Mine  
  98  15:32  SCV x2  
  98  15:35  Cyclone  
  105  15:40  Siege Tank  
  105  15:49  SCV  
  103  16:20  Siege Tank  
  103  16:25  Thor  
  112  16:41  Command Center  
  112  17:00  SCV, Supply Depot  
  112  17:06  Supply Depot  
  112  17:08  Supply Depot  
  113  17:30  Thor  
  113  17:33  Supply Depot  
  119  17:40  Supply Depot  
  119  17:49  Starport Tech Lab  
  119  17:55  Starport  
  119  18:28  Siege Tank x3  
  119  18:32  Missile Turret  
  109  19:05  Missile Turret  
  109  19:16  Thor x2  
  121  19:38  Siege Tank  
  121  19:39  Siege Tank x3  
  121  20:09  Refinery  
  117  20:15  Refinery, Siege Tank  
  117  20:16  Siege Tank  
  115  21:25  Missile Turret  
  115  21:41  SCV  
  115  21:49  Starport Tech Lab  
  116  21:55  Missile Turret  
  116  21:56  Raven  
  116  21:58  SCV  
  119  22:22  Siege Tank  
  119  22:23  Siege Tank  
  125  23:04  SCV  
  126  23:20  Viking  
  126  23:21  SCV  
  126  23:29  Viking  
  131  23:38  SCV  
  131  23:39  Armory  
  132  23:42  Armory  
  132  23:49  Supply Depot  
  132  23:51  Supply Depot  
  132  23:56  SCV  
  133  24:02  Terran Vehicle And Ship Armor Level 1, Viking  
  133  24:09  Siege Tank x3  
  135  24:11  Viking  
  119  24:44  Viking  
  119  26:10  Missile Turret  
  119  26:28  Thor  
  125  26:31  SCV  
  126  26:44  Starport  
  126  26:48  SCV  
  126  26:49  Starport  
  127  26:52  Starport  
  127  26:54  Missile Turret  
  127  26:58  Thor  
  127  27:28  Thor  
  133  27:46  Missile Turret  
  133  27:58  Thor  
  139  28:06  SCV  
  140  28:22  Command Center  
  140  28:23  SCV  
  140  28:25  Starport Tech Lab  
  140  28:26  Starport Tech Lab  
  140  28:27  Starport Tech Lab, Viking  
  140  28:28  Siege Tank, Viking  
  148  28:32  Siege Tank x2  
  148  28:40  SCV  
  149  28:58  Siege Tank  
  152  29:09  Viking  
  154  29:13  Thor  
  160  29:43  Siege Tank  
  163  30:13  Thor  
  169  30:21  Missile Turret  
  169  30:27  SCV x2, Refinery  
  169  30:28  Siege Tank  
  174  30:32  Refinery  
  174  30:50  Missile Turret  
  174  30:57  SCV  
  174  31:13  Siege Tank  
  174  31:18  SCV, Missile Turret  
  178  31:27  SCV  
  179  31:33  Siege Tank  
  179  31:35  SCV, Viking x2  
  181  31:48  Armory, Terran Ship Weapons Level 1  
  181  31:50  Terran Vehicle Weapons Level 2  
  181  31:52  SCV  
  182  32:09  SCV  
  183  32:25  SCV  
  184  33:27  Siege Tank x2  
  184  33:33  SCV  
  182  33:43  Viking x2  
  180  35:04  Siege Tank x10  
  180  35:21  Siege Tank x2  
  186  36:06  Siege Tank  
  189  36:53  Siege Tank x2  
  181  37:10  Siege Tank x4  
  181  38:04  Thor x2  
  190  38:47  Siege Tank x4  
  190  39:04  Thor  
  196  39:22  Siege Tank x5  
  184  40:40  Orbital Command  
  184  40:46  Siege Tank  
  184  40:47  Siege Tank x8  
  184  41:11  Command Center  
  184  41:34  Siege Tank x5  
  184  42:03  Siege Tank x3  
  184  42:04  Siege Tank  
  184  42:14  Thor x2  
  196  43:14  Siege Tank  
Tags
 
Add a new tag
Caveats
  • Supply blocks, unpowered buildings, or Contaminate may cause inaccurate times.
  • Supply counts are checked every 10 seconds.